[ AOE2 MATCH · #477346661 ]
UnrankedFranks vs Sicilians
[ REPLAY ANALYSIS · EXTRACTED FROM THE RECORDED GAME ]
Feudal
10:16
Castle
20:16
Imperial
50:23
| APM avg | 48.6 |
| APM peak | 118 |
| eAPM avg | 20.7 |
| Villagers / military | 200 / 84 |
Focus
⚔️ 20.2% · 🌾 79.8%
Knight ×36 · Scout Cavalry ×29 · Spearman ×18 · Battering Ram ×1
Feudal
10:41
Castle
17:42
Imperial
36:59
| APM avg | 31.9 |
| APM peak | 72 |
| eAPM avg | 16.0 |
| Villagers / military | 123 / 507 |
Focus
⚔️ 37.6% · 🌾 62.4%
Eagle Scout ×196 · Spearman ×142 · Archer ×92 · Plumed Archer ×66 · Trebuchet (Packed) ×11
Feudal
11:44
Castle
22:06
Imperial
46:47
| APM avg | 28.5 |
| APM peak | 71 |
| eAPM avg | 12.9 |
| Villagers / military | 97 / 176 |
Focus
⚔️ 33.7% · 🌾 66.3%
Spearman ×66 · Knight ×48 · Serjeant ×21 · Skirmisher ×12 · Battering Ram ×12 · Scout Cavalry ×6
Feudal
10:45
Castle
19:23
Imperial
41:04
| APM avg | 26.6 |
| APM peak | 53 |
| eAPM avg | 12.1 |
| Villagers / military | 111 / 286 |
Focus
⚔️ 36.1% · 🌾 63.9%
Rattan Archer ×205 · Archer ×44 · Cavalry Archer ×26 · Trebuchet (Packed) ×9 · Battering Ram ×2
Feudal
10:32
Castle
—
Imperial
—
| APM avg | 6.9 |
| APM peak | 24 |
| eAPM avg | 5.7 |
| Villagers / military | 63 / 27 |
Focus
⚔️ 21.6% · 🌾 78.4%
Spearman ×27
Feudal
8:31
Castle
19:22
Imperial
35:40
| APM avg | 41.4 |
| APM peak | 90 |
| eAPM avg | 16.8 |
| Villagers / military | 151 / 179 |
Focus
⚔️ 34.2% · 🌾 65.8%
Knight ×126 · Skirmisher ×23 · Scout Cavalry ×9 · Trebuchet (Packed) ×7 · Monk ×6 · Hand Cannoneer ×3
Match map
Initial resources + every placement click. Lines = walls · curves = elevation contours. ◆ gold · ⬟ stone · ● berries · ✦ relic · ◌ wall gap
Your base· Open — 6t gap
Snusmumriken.'s base· ✓ Closed at 17:42 · 30t walls · 1 gate(s)
[Knusper] Alex's base· Open — unwalled flank
[Knusper] Antonio's base· Open — unwalled flank
oliverthetiger's base· Open — unwalled flank
[Knusper] sycane's base· Open — unwalled flank
Smoothed initial terrain · ◌ = detected wall gap · hover for details
Inputs per minute
— Darth vader - - Snusmumriken.
Build order — Darth vader
First 150 of 479 actions detected
| 0:01 | Create | Villager (Male) |
| 0:02 | Build | House |
| 0:04 | Build | House |
| 0:05 | Create | Villager (Male) |
| 0:17 | Create | Villager (Male) |
| 0:26 | Create | Villager (Male) |
| 1:25 | Create | Villager (Male) |
| 2:11 | Build | Lumber Camp |
| 2:13 | Create | Villager (Male) |
| 2:17 | Create | Villager (Male) |
| 2:51 | Create | Villager (Male) |
| 2:52 | Create | Villager (Male) |
| 3:10 | Create | Villager (Male) |
| 3:52 | Create | Villager (Male) |
| 4:02 | Create | Villager (Male) |
| 4:29 | Build | House |
| 4:49 | Create | Villager (Male) |
| 4:49 | Create | Villager (Male) |
| 5:06 | Create | Villager (Male) |
| 5:55 | Create | Villager (Male) |
| 6:07 | Create | Villager (Male) |
| 6:20 | Create | Villager (Male) |
| 6:26 | Create | Villager (Male) |
| 6:32 | Build | House |
| 6:42 | Create | Villager (Male) |
| 6:48 | Build | Mill |
| 7:06 | Create | Villager (Male) |
| 7:11 | Build | House |
| 7:27 | Create | Villager (Male) |
| 7:40 | Build | House |
| 8:05 | Research | Feudal Age |
| 8:21 | Build | House |
| 8:47 | Build | Farm |
| 8:47 | Build | Farm |
| 8:47 | Build | Farm |
| 8:48 | Build | Farm |
| 8:49 | Build | Farm |
| 8:49 | Build | Farm |
| 8:49 | Build | Farm |
| 8:49 | Build | Farm |
| 9:02 | Build | Farm |
| 9:28 | Build | Farm |
| 9:33 | Create | Villager (Male) |
| 9:50 | Create | Villager (Male) |
| 10:16 | Age | Feudal Age |
| 10:17 | Research | Wheelbarrow |
| 10:18 | Research | Loom |
| 10:19 | Create | Villager (Male) |
| 10:23 | Research | Double-Bit Axe |
| 10:36 | Build | Mining Camp |
| 10:53 | Create | Villager (Male) |
| 11:40 | Build | Barracks |
| 11:49 | Create | Villager (Male) |
| 12:24 | Build | Farm |
| 12:24 | Build | Farm |
| 12:25 | Build | Farm |
| 12:53 | Build | Stable |
| 12:55 | Create | Spearman |
| 13:19 | Build | Farm |
| 13:26 | Create | Spearman |
| 13:30 | Create | Villager (Male) |
| 13:31 | Create | Villager (Male) |
| 13:50 | Build | Farm |
| 13:55 | Create | Spearman |
| 13:56 | Create | Villager (Male) |
| 14:05 | Create | Scout Cavalry |
| 14:10 | Create | Villager (Male) |
| 14:21 | Build | Farm |
| 14:26 | Create | Villager (Male) |
| 14:32 | Build | Farm |
| 14:32 | Build | Farm |
| 14:33 | Build | Farm |
| 14:35 | Build | Farm |
| 14:35 | Build | Farm |
| 14:35 | Build | Farm |
| 14:36 | Build | Farm |
| 15:10 | Create | Villager (Male) |
| 15:17 | Build | Blacksmith |
| 15:40 | Build | Palisade Wall |
| 15:59 | Create | Villager (Male) |
| 16:15 | Create | Villager (Male) |
| 16:30 | Create | Spearman |
| 16:38 | Create | Scout Cavalry |
| 17:11 | Create | Villager (Male) |
| 17:20 | Research | Castle Age |
| 17:34 | Create | Villager (Male) |
| 17:52 | Create | Spearman |
| 17:57 | Create | Villager (Male) |
| 18:12 | Build | Mill |
| 18:12 | Build | Farm |
| 18:13 | Build | Farm |
| 18:13 | Build | Farm |
| 18:14 | Build | Farm |
| 18:18 | Create | Spearman |
| 18:31 | Build | Palisade Wall |
| 18:33 | Build | Palisade Wall |
| 18:38 | Create | Scout Cavalry |
| 19:11 | Research | Scale Barding Armor |
| 19:18 | Create | Scout Cavalry |
| 19:31 | Build | Watch Tower |
| 19:34 | Create | Scout Cavalry |
| 19:35 | Create | Villager (Male) |
| 19:44 | Build | Lumber Camp |
| 19:52 | Create | Villager (Male) |
| 20:10 | Create | Villager (Male) |
| 20:12 | Create | Villager (Male) |
| 20:16 | Age | Castle Age |
| 20:23 | Build | Farm |
| 20:47 | Create | Villager (Male) |
| 20:52 | Build | House |
| 20:53 | Build | House |
| 20:54 | Build | House |
| 21:17 | Research | Forging |
| 21:30 | Create | Knight |
| 21:35 | Research | Hand Cart |
| 21:37 | Create | Villager (Male) |
| 21:44 | Create | Villager (Male) |
| 21:59 | Build | University |
| 22:18 | Create | Knight |
| 22:19 | Research | Husbandry |
| 22:22 | Build | Stable |
| 22:23 | Build | Stable |
| 22:45 | Build | Market |
| 22:50 | Research | Chain Barding Armor |
| 23:09 | Create | Villager (Male) |
| 23:22 | Create | Knight |
| 23:26 | Build | Farm |
| 23:50 | Build | Farm |
| 24:04 | Create | Villager (Male) |
| 24:05 | Create | Villager (Male) |
| 25:43 | Create | Knight |
| 25:59 | Create | Knight |
| 26:02 | Create | Villager (Male) |
| 26:02 | Create | Villager (Male) |
| 26:11 | Create | Villager (Male) |
| 26:58 | Create | Scout Cavalry |
| 26:58 | Create | Scout Cavalry |
| 26:59 | Create | Scout Cavalry |
| 27:24 | Research | Bow Saw |
| 27:50 | Create | Villager (Male) |
| 27:50 | Create | Villager (Male) |
| 27:50 | Create | Villager (Male) |
| 27:51 | Create | Villager (Male) |
| 27:54 | Build | Farm |
| 27:55 | Build | Farm |
| 28:17 | Build | Town Center |
| 28:38 | Create | Villager (Male) |
| 28:38 | Create | Villager (Male) |
| 28:48 | Build | Farm |
| 29:10 | Create | Villager (Male) |
Build order — Snusmumriken.
First 150 of 479 actions detected
| 0:01 | Create | Villager (Male) |
| 0:01 | Create | Villager (Male) |
| 0:02 | Build | House |
| 0:05 | Research | Loom |
| 0:06 | Build | House |
| 0:10 | Create | Villager (Male) |
| 0:10 | Create | Villager (Male) |
| 0:10 | Create | Villager (Male) |
| 1:32 | Create | Villager (Male) |
| 2:01 | Build | Lumber Camp |
| 2:16 | Create | Villager (Male) |
| 2:16 | Create | Villager (Male) |
| 3:05 | Create | Villager (Male) |
| 3:05 | Create | Villager (Male) |
| 3:54 | Create | Villager (Male) |
| 4:04 | Build | House |
| 4:11 | Create | Villager (Male) |
| 4:42 | Create | Villager (Male) |
| 4:42 | Create | Villager (Male) |
| 5:22 | Create | Villager (Male) |
| 5:38 | Create | Villager (Male) |
| 5:41 | Build | House |
| 5:42 | Build | Mill |
| 6:10 | Create | Villager (Male) |
| 6:12 | Create | Villager (Male) |
| 6:40 | Build | House |
| 7:04 | Create | Villager (Male) |
| 7:04 | Create | Villager (Male) |
| 7:53 | Build | Mining Camp |
| 7:54 | Create | Villager (Male) |
| 8:04 | Research | Feudal Age |
| 8:35 | Build | Farm |
| 8:37 | Build | Farm |
| 8:42 | Build | House |
| 8:46 | Create | Villager (Male) |
| 8:47 | Create | Villager (Male) |
| 9:06 | Build | Farm |
| 9:08 | Build | Farm |
| 9:22 | Build | House |
| 9:37 | Build | Palisade Wall |
| 9:41 | Build | Farm |
| 10:04 | Build | Farm |
| 10:07 | Build | Farm |
| 10:41 | Age | Feudal Age |
| 10:45 | Create | Villager (Male) |
| 10:59 | Create | Villager (Male) |
| 11:10 | Build | Barracks |
| 11:20 | Build | Farm |
| 11:23 | Build | Farm |
| 11:31 | Create | Villager (Male) |
| 11:48 | Build | House |
| 11:53 | Build | Palisade Wall |
| 11:59 | Build | Farm |
| 12:15 | Research | Double-Bit Axe |
| 12:32 | Build | Palisade Wall |
| 12:37 | Create | Villager (Male) |
| 12:53 | Create | Villager (Male) |
| 13:01 | Build | Blacksmith |
| 13:05 | Create | Villager (Male) |
| 13:10 | Create | Spearman |
| 13:30 | Build | Farm |
| 13:45 | Create | Villager (Male) |
| 14:01 | Build | Archery Range |
| 14:07 | Create | Villager (Male) |
| 14:09 | Build | Farm |
| 14:29 | Build | Farm |
| 14:50 | Build | Farm |
| 14:58 | Build | Farm |
| 15:02 | Research | Castle Age |
| 15:30 | Create | Archer ×2 |
| 15:46 | Research | Horse Collar |
| 15:52 | Research | Padded Archer Armor |
| 15:54 | Create | Villager (Male) |
| 16:00 | Create | Archer |
| 16:12 | Create | Villager (Male) |
| 16:39 | Create | Villager (Male) |
| 16:42 | Create | Archer |
| 16:48 | Build | Archery Range |
| 16:51 | Build | Palisade Gate |
| 17:29 | Create | Villager (Male) |
| 17:42 | Age | Castle Age |
| 17:47 | Build | Town Center |
| 17:51 | Research | Crossbowman (upgrade) |
| 18:01 | Create | Villager (Male) |
| 18:12 | Build | Mining Camp |
| 18:14 | Create | Villager (Male) |
| 18:14 | Create | Villager (Male) |
| 18:17 | Research | Bow Saw |
| 18:24 | Create | Archer |
| 18:43 | Research | Fletching |
| 18:46 | Create | Villager (Male) |
| 18:53 | Build | House |
| 19:30 | Create | Archer ×2 |
| 19:32 | Create | Villager (Male) |
| 19:36 | Research | Gold Mining |
| 20:02 | Create | Villager (Male) |
| 20:02 | Create | Villager (Male) |
| 20:02 | Create | Villager (Male) |
| 20:03 | Create | Villager (Male) |
| 20:07 | Create | Villager (Male) |
| 20:11 | Create | Archer |
| 20:25 | Create | Villager (Male) |
| 20:38 | Build | Farm |
| 20:41 | Build | Farm |
| 20:45 | Research | Bodkin Arrow |
| 21:07 | Build | Town Center |
| 21:23 | Create | Villager (Male) |
| 21:24 | Create | Villager (Male) |
| 21:43 | Build | House |
| 21:47 | Build | House |
| 21:54 | Create | Archer ×5 |
| 22:09 | Create | Villager (Male) |
| 22:16 | Create | Villager (Male) |
| 22:18 | Research | Wheelbarrow |
| 22:24 | Create | Villager (Male) |
| 23:09 | Create | Villager (Male) |
| 23:10 | Create | Villager (Male) |
| 23:10 | Create | Villager (Male) |
| 23:13 | Create | Villager (Male) |
| 23:15 | Research | Town Watch |
| 23:17 | Build | Farm |
| 23:19 | Create | Villager (Male) |
| 23:23 | Build | House |
| 23:24 | Build | House |
| 23:33 | Create | Villager (Male) |
| 23:34 | Create | Villager (Male) |
| 23:46 | Build | Farm |
| 23:49 | Build | Farm |
| 23:55 | Create | Villager (Male) |
| 23:59 | Create | Villager (Male) |
| 24:02 | Create | Villager (Male) |
| 24:02 | Create | Villager (Male) |
| 24:39 | Build | University |
| 24:42 | Create | Villager (Male) |
| 24:42 | Create | Villager (Male) |
| 24:50 | Build | Farm |
| 24:53 | Create | Villager (Male) |
| 24:53 | Create | Villager (Male) |
| 25:28 | Research | Hand Cart |
| 25:29 | Create | Villager (Male) |
| 25:31 | Create | Villager (Male) |
| 25:35 | Create | Archer ×2 |
| 26:13 | Create | Villager (Male) |
| 26:14 | Create | Villager (Male) |
| 26:15 | Create | Villager (Male) |
| 26:15 | Create | Villager (Male) |
| 26:20 | Build | House |
| 26:21 | Build | House |
| 26:27 | Build | Lumber Camp |
| 26:58 | Create | Villager (Male) |
Build order — [Knusper] Alex
First 150 of 332 actions detected
| 0:06 | Build | House |
| 0:09 | Create | Villager (Male) |
| 0:09 | Create | Villager (Male) |
| 0:09 | Create | Villager (Male) |
| 0:10 | Create | Villager (Male) |
| 0:10 | Create | Villager (Male) |
| 1:01 | Build | House |
| 1:37 | Create | Villager (Male) |
| 1:44 | Build | House |
| 2:23 | Create | Villager (Male) |
| 2:23 | Create | Villager (Male) |
| 2:33 | Create | Villager (Male) |
| 2:34 | Create | Villager (Male) |
| 3:18 | Build | Lumber Camp |
| 3:32 | Create | Villager (Male) |
| 4:03 | Create | Villager (Male) |
| 4:04 | Create | Villager (Male) |
| 4:47 | Create | Villager (Male) |
| 4:48 | Create | Villager (Male) |
| 4:48 | Create | Villager (Male) |
| 6:06 | Build | House |
| 6:13 | Research | Loom |
| 6:21 | Build | Mill |
| 6:31 | Create | Villager (Male) |
| 6:41 | Build | House |
| 6:55 | Create | Villager (Male) |
| 6:55 | Create | Villager (Male) |
| 6:56 | Create | Villager (Male) |
| 8:08 | Build | Palisade Wall |
| 8:25 | Create | Villager (Male) |
| 8:42 | Build | Barracks |
| 9:04 | Create | Villager (Male) |
| 9:31 | Build | Mining Camp |
| 9:34 | Research | Feudal Age |
| 10:20 | Build | Farm |
| 10:30 | Create | Villager (Male) |
| 11:03 | Create | Villager (Male) |
| 11:24 | Build | House |
| 11:44 | Age | Feudal Age |
| 11:49 | Create | Villager (Male) |
| 11:55 | Build | Farm |
| 12:03 | Build | Farm |
| 12:35 | Build | Farm |
| 12:39 | Build | Farm |
| 12:58 | Build | House |
| 13:10 | Create | Villager (Male) |
| 13:19 | Create | Villager (Male) |
| 13:37 | Create | Villager (Male) |
| 13:50 | Create | Spearman |
| 13:50 | Create | Spearman |
| 14:12 | Build | Palisade Wall |
| 14:18 | Build | Gate |
| 14:20 | Create | Villager (Male) |
| 14:20 | Create | Villager (Male) |
| 15:35 | Build | Blacksmith |
| 15:49 | Create | Villager (Male) |
| 15:50 | Create | Villager (Male) |
| 15:57 | Build | Farm |
| 15:58 | Build | Farm |
| 16:21 | Create | Spearman |
| 17:03 | Create | Villager (Male) |
| 17:10 | Build | Farm |
| 17:13 | Build | Farm |
| 17:14 | Build | Farm |
| 17:18 | Build | House |
| 18:01 | Build | Donjon |
| 18:08 | Create | Villager (Male) |
| 18:33 | Build | Stable |
| 19:26 | Research | Castle Age |
| 19:46 | Build | Stone Wall |
| 19:51 | Build | Stone Wall |
| 20:08 | Build | House |
| 20:13 | Build | House |
| 20:14 | Build | House |
| 20:16 | Build | House |
| 20:18 | Build | House |
| 20:30 | Build | Mining Camp |
| 20:37 | Create | Serjeant |
| 20:38 | Create | Serjeant |
| 20:38 | Create | Serjeant |
| 21:09 | Research | Fletching |
| 21:26 | Create | Spearman |
| 21:26 | Create | Spearman |
| 22:03 | Create | Serjeant |
| 22:03 | Create | Serjeant |
| 22:06 | Age | Castle Age |
| 22:21 | Build | Siege Workshop |
| 22:40 | Build | Town Center |
| 22:58 | Research | Pikeman (upgrade) |
| 23:21 | Create | Mangonel |
| 23:27 | Research | Gold Mining |
| 23:29 | Create | Serjeant |
| 23:38 | Create | Battering Ram |
| 23:53 | Create | Villager (Male) |
| 23:54 | Create | Villager (Male) |
| 25:30 | Create | Battering Ram |
| 26:15 | Research | Horse Collar |
| 26:26 | Create | Villager (Male) |
| 26:35 | Create | Villager (Male) |
| 27:11 | Research | Double-Bit Axe |
| 27:14 | Create | Villager (Male) |
| 27:32 | Build | Stone Wall |
| 28:00 | Create | Battering Ram |
| 28:25 | Build | Donjon |
| 28:31 | Create | Serjeant |
| 28:31 | Create | Serjeant |
| 29:09 | Create | Spearman |
| 29:10 | Create | Spearman |
| 29:10 | Create | Spearman |
| 29:10 | Create | Spearman |
| 29:11 | Create | Spearman |
| 29:27 | Create | Serjeant |
| 30:05 | Build | Farm |
| 30:28 | Create | Battering Ram |
| 30:28 | Create | Battering Ram |
| 30:35 | Research | Scale Mail Armor |
| 31:05 | Build | Farm |
| 31:24 | Create | Battering Ram |
| 31:44 | Build | Castle |
| 31:52 | Create | Spearman ×5 |
| 32:46 | Create | Spearman ×5 |
| 32:59 | Build | Mining Camp |
| 33:44 | Build | Stone Wall |
| 33:48 | Build | Stone Wall |
| 34:41 | Build | Farm |
| 34:44 | Research | Wheelbarrow |
| 34:46 | Research | Town Watch |
| 34:52 | Build | Farm |
| 34:54 | Build | Farm |
| 34:55 | Build | Farm |
| 34:59 | Build | Farm |
| 35:02 | Research | Heavy Plow |
| 35:06 | Create | Villager (Male) |
| 35:06 | Create | Villager (Male) |
| 35:07 | Create | Villager (Male) |
| 35:10 | Create | Villager (Male) |
| 35:10 | Create | Villager (Male) |
| 35:10 | Create | Villager (Male) |
| 35:11 | Create | Villager (Male) |
| 36:06 | Create | Serjeant ×5 |
| 36:18 | Create | Villager (Male) |
| 36:19 | Create | Villager (Male) |
| 36:19 | Create | Villager (Male) |
| 36:26 | Create | Villager (Male) |
| 36:26 | Create | Villager (Male) |
| 36:26 | Create | Villager (Male) |
| 36:26 | Create | Villager (Male) |
| 37:04 | Create | Serjeant |
| 37:39 | Build | Town Center |
| 37:52 | Build | Monastery |
Build order — [Knusper] Antonio
First 150 of 393 actions detected
| 0:00 | Create | Villager (Male) |
| 0:01 | Create | Villager (Male) |
| 0:01 | Create | Villager (Male) |
| 0:02 | Build | House |
| 0:05 | Build | House |
| 0:14 | Create | Villager (Male) |
| 1:38 | Create | Villager (Male) |
| 2:05 | Create | Villager (Male) |
| 2:09 | Build | Lumber Camp |
| 2:32 | Create | Villager (Male) |
| 3:00 | Create | Villager (Male) |
| 3:03 | Create | Villager (Male) |
| 3:34 | Create | Villager (Male) |
| 3:41 | Build | House |
| 4:17 | Create | Villager (Male) |
| 4:18 | Create | Villager (Male) |
| 4:21 | Build | House |
| 4:37 | Create | Villager (Male) |
| 4:46 | Build | Mill |
| 5:18 | Create | Villager (Male) |
| 5:37 | Create | Villager (Male) |
| 6:16 | Create | Villager (Male) |
| 6:39 | Create | Villager (Male) |
| 7:11 | Create | Villager (Male) |
| 7:12 | Create | Villager (Male) |
| 7:59 | Research | Loom |
| 8:35 | Research | Feudal Age |
| 8:47 | Build | Mining Camp |
| 9:22 | Create | Villager (Male) |
| 9:22 | Create | Villager (Male) |
| 9:36 | Build | Barracks |
| 10:45 | Age | Feudal Age |
| 10:46 | Build | Archery Range |
| 10:57 | Build | Archery Range |
| 11:13 | Build | Farm |
| 11:35 | Build | House |
| 11:44 | Build | Farm |
| 11:46 | Create | Villager (Male) |
| 11:55 | Research | Double-Bit Axe |
| 12:08 | Build | House |
| 12:24 | Create | Villager (Male) |
| 12:38 | Create | Archer ×5 |
| 12:53 | Build | Farm |
| 13:03 | Research | Horse Collar |
| 13:06 | Create | Villager (Male) |
| 13:23 | Build | Farm |
| 13:23 | Build | Farm |
| 13:47 | Create | Archer |
| 13:53 | Build | Blacksmith |
| 13:55 | Create | Villager (Male) |
| 14:06 | Build | Farm |
| 14:19 | Build | House |
| 14:22 | Create | Villager (Male) |
| 14:27 | Create | Archer |
| 14:27 | Create | Archer |
| 14:35 | Build | House |
| 14:36 | Build | House |
| 15:14 | Create | Villager (Male) |
| 15:25 | Build | Farm |
| 15:31 | Build | Farm |
| 15:34 | Build | Farm |
| 15:36 | Create | Villager (Male) |
| 15:41 | Build | House |
| 15:44 | Build | House |
| 15:45 | Build | House |
| 15:55 | Create | Archer |
| 15:57 | Create | Archer |
| 16:38 | Create | Archer |
| 16:39 | Create | Archer |
| 16:43 | Research | Castle Age |
| 16:50 | Build | House |
| 16:51 | Build | House |
| 16:52 | Build | House |
| 16:55 | Research | Fletching |
| 17:10 | Build | Farm |
| 18:15 | Create | Archer |
| 18:15 | Create | Archer |
| 18:19 | Research | Padded Archer Armor |
| 18:22 | Build | Farm |
| 18:24 | Create | Villager (Male) |
| 18:26 | Create | Archer |
| 18:27 | Create | Archer |
| 19:23 | Age | Castle Age |
| 19:31 | Research | Thumb Ring |
| 19:55 | Build | Farm |
| 20:04 | Research | Crossbowman (upgrade) |
| 20:18 | Create | Archer |
| 20:18 | Create | Archer |
| 20:18 | Create | Archer |
| 20:19 | Create | Archer |
| 20:19 | Create | Archer |
| 20:25 | Create | Villager (Male) |
| 21:30 | Build | Farm |
| 21:32 | Create | Villager (Male) |
| 21:34 | Research | Bodkin Arrow |
| 21:40 | Build | Market |
| 21:46 | Build | University |
| 21:53 | Create | Villager (Male) |
| 23:16 | Create | Villager (Male) |
| 23:16 | Create | Villager (Male) |
| 23:19 | Build | Farm |
| 23:19 | Build | Farm |
| 23:26 | Build | Town Center |
| 23:41 | Create | Archer |
| 23:42 | Create | Archer |
| 23:57 | Research | Wheelbarrow |
| 24:01 | Research | Leather Archer Armor |
| 24:02 | Create | Archer |
| 24:03 | Create | Archer |
| 24:34 | Create | Archer ×4 |
| 24:51 | Build | Farm |
| 24:52 | Create | Villager (Male) |
| 26:22 | Create | Archer |
| 26:23 | Create | Archer |
| 26:29 | Build | Archery Range |
| 26:31 | Create | Villager (Male) |
| 26:32 | Create | Villager (Male) |
| 26:35 | Create | Villager (Male) |
| 26:38 | Build | Mining Camp |
| 26:41 | Create | Villager (Male) |
| 26:44 | Create | Archer |
| 26:45 | Create | Archer |
| 27:09 | Build | Farm |
| 27:10 | Create | Villager (Male) |
| 27:11 | Create | Villager (Male) |
| 27:14 | Create | Villager (Male) |
| 27:17 | Research | Hand Cart |
| 27:18 | Create | Villager (Male) |
| 27:29 | Research | Stone Mining |
| 27:30 | Research | Gold Mining |
| 27:33 | Create | Villager (Male) |
| 27:53 | Create | Archer |
| 27:54 | Create | Archer |
| 28:02 | Build | Farm |
| 28:05 | Research | Town Watch |
| 28:08 | Research | Heavy Plow |
| 28:11 | Research | Bow Saw |
| 28:40 | Create | Villager (Male) |
| 28:41 | Create | Villager (Male) |
| 28:43 | Build | Farm |
| 29:03 | Build | Archery Range |
| 29:05 | Build | Siege Workshop |
| 29:38 | Create | Villager (Male) |
| 29:39 | Create | Villager (Male) |
| 29:42 | Build | Farm |
| 29:45 | Create | Villager (Male) |
| 29:46 | Create | Villager (Male) |
| 29:47 | Create | Archer |
| 29:48 | Create | Archer |
| 29:52 | Create | Archer |
Build order — oliverthetiger
First 150 of 162 actions detected
| 0:28 | Build | House |
| 0:29 | Build | House |
| 0:58 | Research | Loom |
| 1:04 | Create | Villager (Male) |
| 1:28 | Create | Villager (Male) |
| 2:32 | Create | Villager (Male) |
| 3:00 | Create | Villager (Male) |
| 3:00 | Create | Villager (Male) |
| 3:58 | Create | Villager (Male) |
| 3:59 | Create | Villager (Male) |
| 4:00 | Create | Villager (Male) |
| 4:26 | Create | Villager (Male) |
| 4:51 | Build | Lumber Camp |
| 4:56 | Create | Villager (Male) |
| 6:12 | Create | Villager (Male) |
| 6:13 | Create | Villager (Male) |
| 6:13 | Create | Villager (Male) |
| 6:13 | Create | Villager (Male) |
| 6:34 | Build | Mill |
| 8:22 | Research | Feudal Age |
| 9:06 | Build | Mining Camp |
| 9:15 | Create | Villager (Male) |
| 9:15 | Create | Villager (Male) |
| 9:15 | Create | Villager (Male) |
| 10:04 | Create | Villager (Male) |
| 10:05 | Create | Villager (Male) |
| 10:32 | Age | Feudal Age |
| 10:51 | Build | Stone Wall |
| 11:04 | Build | Stone Wall |
| 11:07 | Build | Stone Wall |
| 11:20 | Build | Stone Wall |
| 11:23 | Build | Stone Wall |
| 12:10 | Create | Villager (Male) |
| 12:10 | Create | Villager (Male) |
| 12:10 | Create | Villager (Male) |
| 12:10 | Create | Villager (Male) |
| 12:59 | Build | Barracks |
| 13:17 | Create | Villager (Male) |
| 13:17 | Create | Villager (Male) |
| 13:56 | Build | Stone Wall |
| 14:06 | Create | Villager (Male) |
| 14:28 | Build | Stone Wall |
| 14:29 | Build | Stone Wall |
| 14:35 | Create | Spearman |
| 15:14 | Build | House |
| 15:33 | Create | Spearman |
| 15:34 | Create | Spearman |
| 16:27 | Build | Stone Wall |
| 17:12 | Build | Lumber Camp |
| 17:17 | Create | Villager (Male) |
| 17:21 | Create | Spearman |
| 17:21 | Create | Spearman |
| 18:29 | Build | Farm |
| 18:29 | Build | Farm |
| 18:30 | Build | Farm |
| 18:30 | Build | Farm |
| 18:30 | Build | Farm |
| 18:30 | Build | Farm |
| 18:31 | Build | Farm |
| 18:31 | Build | Farm |
| 18:31 | Build | Farm |
| 18:31 | Build | Farm |
| 18:32 | Build | Farm |
| 18:32 | Build | Farm |
| 18:32 | Build | Farm |
| 18:32 | Build | Farm |
| 18:33 | Build | Farm |
| 18:51 | Build | Gate |
| 20:01 | Build | Stone Wall |
| 20:03 | Build | Stone Wall |
| 20:06 | Build | Stone Wall |
| 20:06 | Build | Stone Wall |
| 20:09 | Build | Stone Wall |
| 20:25 | Create | Spearman |
| 20:26 | Create | Spearman |
| 20:26 | Create | Spearman |
| 20:34 | Build | House |
| 20:35 | Build | House |
| 20:42 | Create | Villager (Male) |
| 20:42 | Create | Villager (Male) |
| 21:26 | Create | Spearman |
| 21:26 | Create | Spearman |
| 21:26 | Create | Spearman |
| 21:27 | Create | Spearman |
| 22:13 | Create | Spearman |
| 22:13 | Create | Spearman |
| 22:13 | Create | Spearman |
| 22:41 | Create | Spearman |
| 22:41 | Create | Spearman |
| 22:42 | Create | Spearman |
| 22:42 | Create | Spearman |
| 23:01 | Create | Spearman |
| 24:13 | Build | Farm |
| 24:14 | Build | Farm |
| 24:16 | Build | Farm |
| 24:20 | Build | Farm |
| 24:48 | Build | Watch Tower |
| 25:35 | Create | Spearman |
| 25:36 | Create | Spearman |
| 25:42 | Build | Watch Tower |
| 26:44 | Create | Spearman |
| 26:44 | Create | Spearman |
| 26:44 | Create | Spearman |
| 26:45 | Create | Spearman |
| 26:45 | Create | Spearman |
| 29:08 | Build | Lumber Camp |
| 40:20 | Build | Town Center |
| 43:24 | Build | Farm |
| 45:55 | Create | Villager (Male) |
| 46:07 | Build | Farm |
| 47:35 | Create | Villager (Male) |
| 48:40 | Create | Villager (Male) |
| 50:09 | Create | Villager (Male) |
| 50:44 | Build | Farm |
| 51:06 | Build | Farm |
| 51:29 | Create | Villager (Male) |
| 52:37 | Create | Villager (Male) |
| 52:38 | Create | Villager (Male) |
| 52:52 | Build | Farm |
| 52:52 | Build | Farm |
| 54:36 | Create | Villager (Male) |
| 54:36 | Create | Villager (Male) |
| 54:37 | Create | Villager (Male) |
| 54:37 | Create | Villager (Male) |
| 55:31 | Build | Lumber Camp |
| 55:36 | Create | Villager (Male) |
| 55:36 | Create | Villager (Male) |
| 56:03 | Create | Villager (Male) |
| 56:03 | Create | Villager (Male) |
| 57:40 | Research | Double-Bit Axe |
| 57:43 | Create | Villager (Male) |
| 57:43 | Create | Villager (Male) |
| 58:01 | Build | House |
| 58:02 | Build | House |
| 58:03 | Build | House |
| 58:07 | Build | House |
| 58:09 | Build | House |
| 58:18 | Create | Villager (Male) |
| 58:54 | Build | Mill |
| 59:01 | Create | Villager (Male) |
| 59:02 | Create | Villager (Male) |
| 59:02 | Create | Villager (Male) |
| 59:13 | Create | Villager (Male) |
| 60:04 | Build | Farm |
| 60:14 | Build | Farm |
| 60:14 | Build | Farm |
| 60:16 | Build | Farm |
| 60:17 | Build | Farm |
| 60:24 | Create | Villager (Male) |
| 60:24 | Create | Villager (Male) |
Build order — [Knusper] sycane
First 150 of 455 actions detected
| 0:00 | Create | Villager (Male) |
| 0:01 | Create | Villager (Male) |
| 0:02 | Build | House |
| 0:03 | Build | House |
| 0:07 | Create | Villager (Male) |
| 0:07 | Create | Villager (Male) |
| 0:13 | Create | Villager (Male) |
| 0:14 | Create | Villager (Male) |
| 1:26 | Create | Villager (Male) |
| 1:56 | Build | Lumber Camp |
| 2:04 | Create | Villager (Male) |
| 2:17 | Create | Villager (Male) |
| 2:48 | Create | Villager (Male) |
| 3:14 | Create | Villager (Male) |
| 3:49 | Build | House |
| 4:30 | Build | Mill |
| 4:34 | Create | Villager (Male) |
| 4:40 | Create | Villager (Male) |
| 4:45 | Create | Villager (Male) |
| 5:30 | Create | Villager (Male) |
| 6:07 | Research | Loom |
| 6:21 | Research | Feudal Age |
| 7:11 | Build | House |
| 7:36 | Build | Barracks |
| 7:48 | Create | Villager (Male) |
| 8:31 | Age | Feudal Age |
| 8:34 | Build | Stable |
| 8:42 | Research | Double-Bit Axe |
| 8:44 | Create | Villager (Male) |
| 8:48 | Research | Loom |
| 9:10 | Build | House |
| 9:12 | Build | House |
| 9:14 | Build | House |
| 9:21 | Research | Horse Collar |
| 9:36 | Create | Scout Cavalry |
| 9:41 | Create | Villager (Male) |
| 9:47 | Build | Farm |
| 9:47 | Create | Villager (Male) |
| 9:58 | Create | Scout Cavalry |
| 10:18 | Build | Farm |
| 10:23 | Build | Palisade Wall |
| 10:39 | Create | Villager (Male) |
| 10:41 | Build | Farm |
| 10:54 | Create | Scout Cavalry |
| 10:55 | Create | Villager (Male) |
| 10:59 | Build | Farm |
| 11:09 | Build | Farm |
| 11:20 | Create | Scout Cavalry |
| 11:29 | Create | Villager (Male) |
| 11:35 | Build | Farm |
| 11:59 | Create | Villager (Male) |
| 12:00 | Create | Scout Cavalry |
| 12:10 | Build | Farm |
| 12:14 | Build | Farm |
| 12:20 | Create | Scout Cavalry |
| 12:26 | Create | Villager (Male) |
| 12:28 | Build | Farm |
| 12:53 | Create | Villager (Male) |
| 12:56 | Build | Farm |
| 12:58 | Build | Farm |
| 12:59 | Build | Farm |
| 13:06 | Build | Farm |
| 13:29 | Create | Villager (Male) |
| 13:30 | Create | Scout Cavalry |
| 13:52 | Create | Villager (Male) |
| 13:53 | Create | Scout Cavalry |
| 13:58 | Build | Blacksmith |
| 14:01 | Build | Farm |
| 14:14 | Create | Villager (Male) |
| 14:21 | Build | Farm |
| 14:22 | Create | Villager (Male) |
| 14:42 | Build | Mining Camp |
| 15:03 | Create | Villager (Male) |
| 15:09 | Build | House |
| 15:31 | Build | Farm |
| 15:32 | Create | Villager (Male) |
| 16:00 | Create | Villager (Male) |
| 16:03 | Build | Farm |
| 16:43 | Research | Castle Age |
| 17:13 | Create | Villager (Male) |
| 18:08 | Build | Stable |
| 18:55 | Build | House |
| 19:22 | Age | Castle Age |
| 19:26 | Build | Siege Workshop |
| 19:32 | Build | Monastery |
| 19:39 | Create | Villager (Male) |
| 19:53 | Create | Knight |
| 19:53 | Create | Knight |
| 19:56 | Research | Scale Barding Armor |
| 20:14 | Create | Villager (Male) |
| 20:14 | Create | Villager (Male) |
| 20:20 | Create | Battering Ram |
| 20:23 | Create | Monk |
| 20:27 | Create | Knight |
| 20:27 | Create | Knight |
| 20:42 | Build | House |
| 20:45 | Build | House |
| 20:51 | Create | Knight |
| 20:51 | Create | Knight |
| 20:54 | Create | Villager (Male) |
| 21:11 | Create | Knight |
| 21:12 | Create | Knight |
| 21:26 | Create | Scorpion |
| 21:30 | Research | Wheelbarrow |
| 21:45 | Build | Farm |
| 21:46 | Build | Farm |
| 22:00 | Create | Monk |
| 22:03 | Research | Town Watch |
| 22:43 | Create | Mangonel |
| 22:44 | Create | Villager (Male) |
| 22:48 | Create | Villager (Male) |
| 22:52 | Research | Gold Mining |
| 23:23 | Build | House |
| 23:24 | Build | House |
| 23:26 | Build | House |
| 23:34 | Research | Chain Barding Armor |
| 23:41 | Research | Bloodlines |
| 24:08 | Create | Knight |
| 24:11 | Create | Villager (Male) |
| 24:12 | Create | Villager (Male) |
| 24:51 | Create | Villager (Male) |
| 24:54 | Create | Knight |
| 24:55 | Create | Knight |
| 24:56 | Create | Knight |
| 24:56 | Create | Knight |
| 25:20 | Create | Villager (Male) |
| 25:31 | Build | House |
| 25:32 | Build | House |
| 25:33 | Create | Monk |
| 26:27 | Create | Scorpion |
| 26:28 | Create | Mangonel |
| 26:29 | Create | Villager (Male) |
| 26:33 | Research | Bow Saw |
| 26:38 | Create | Knight |
| 26:38 | Create | Knight |
| 26:38 | Create | Knight |
| 27:14 | Create | Villager (Male) |
| 27:15 | Create | Villager (Male) |
| 27:19 | Create | Knight ×5 |
| 28:03 | Research | Hand Cart |
| 28:09 | Research | Forging |
| 28:11 | Create | Knight |
| 28:11 | Create | Knight |
| 28:11 | Research | Husbandry |
| 28:29 | Create | Villager (Male) |
| 28:31 | Build | Farm |
| 28:54 | Build | Farm |
| 28:56 | Create | Villager (Male) |
| 28:59 | Build | Farm |
| 29:08 | Build | Farm |
Match timeline
| 7:36 | [Knusper] sycane · first_building Barracks |
| 8:08 | [Knusper] Alex · wall_segment Palisade Wall x9 |
| 8:31 | [Knusper] sycane · age_up feudal |
| 8:34 | [Knusper] sycane · first_building Stable |
| 8:42 | [Knusper] Alex · first_building Barracks |
| 9:36 | [Knusper] Antonio · first_building Barracks |
| 9:37 | Snusmumriken. · wall_segment Palisade Wall x11 |
| 10:16 | Darth vader · age_up feudal |
| 10:23 | [Knusper] sycane · wall_segment Palisade Wall x1 |
| 10:32 | oliverthetiger · age_up feudal |
| 10:41 | Snusmumriken. · age_up feudal |
| 10:45 | [Knusper] Antonio · age_up feudal |
| 10:46 | [Knusper] Antonio · first_building Archery Range |
| 10:51 | oliverthetiger · wall_segment Stone Wall x18 |
| 11:04 | oliverthetiger · wall_segment Stone Wall x20 |
| 11:07 | oliverthetiger · wall_segment Stone Wall x7 |
| 11:10 | Snusmumriken. · first_building Barracks |
| 11:20 | oliverthetiger · wall_segment Stone Wall x7 |
| 11:23 | oliverthetiger · wall_segment Stone Wall x1 |
| 11:40 | Darth vader · first_building Barracks |
| 11:44 | [Knusper] Alex · age_up feudal |
| 11:53 | Snusmumriken. · wall_segment Palisade Wall x6 |
| 12:32 | Snusmumriken. · wall_segment Palisade Wall x13 |
| 12:53 | Darth vader · first_building Stable |
| 12:59 | oliverthetiger · first_building Barracks |
| 13:56 | oliverthetiger · wall_segment Stone Wall x13 |
| 14:01 | Snusmumriken. · first_building Archery Range |
| 14:12 | [Knusper] Alex · wall_segment Palisade Wall x6 |
| 14:28 | oliverthetiger · wall_segment Stone Wall x5 |
| 14:29 | oliverthetiger · wall_segment Stone Wall x1 |
| 15:40 | Darth vader · wall_segment Palisade Wall x5 |
| 16:27 | oliverthetiger · wall_segment Stone Wall x15 |
| 17:42 | Snusmumriken. · age_up castle |
| 18:01 | [Knusper] Alex · first_building Donjon |
| 18:31 | Darth vader · wall_segment Palisade Wall x5 |
| 18:33 | Darth vader · wall_segment Palisade Wall x9 |
| 18:33 | [Knusper] Alex · first_building Stable |
| 19:22 | [Knusper] sycane · age_up castle |
| 19:23 | [Knusper] Antonio · age_up castle |
| 19:26 | [Knusper] sycane · first_building Siege Workshop |
| 19:32 | [Knusper] sycane · first_building Monastery |
| 19:46 | [Knusper] Alex · wall_segment Stone Wall x7 |
| 19:51 | [Knusper] Alex · wall_segment Stone Wall x9 |
| 20:01 | oliverthetiger · wall_segment Stone Wall x6 |
| 20:03 | oliverthetiger · wall_segment Stone Wall x9 |
| 20:06 | oliverthetiger · wall_segment Stone Wall x11 |
| 20:06 | oliverthetiger · wall_segment Stone Wall x1 |
| 20:09 | oliverthetiger · wall_segment Stone Wall x5 |
| 20:16 | Darth vader · age_up castle |
| 22:06 | [Knusper] Alex · age_up castle |
| 22:21 | [Knusper] Alex · first_building Siege Workshop |
| 27:27 | Snusmumriken. · first_building Castle |
| 27:32 | [Knusper] Alex · wall_segment Stone Wall x12 |
| 28:13 | Darth vader · first_market_buy 100 stone |
| 29:05 | [Knusper] Antonio · first_building Siege Workshop |
| 31:44 | [Knusper] Alex · first_building Castle |
| 32:09 | Darth vader · first_building Monastery |
| 33:44 | [Knusper] Alex · wall_segment Stone Wall x14 |
| 33:48 | [Knusper] Alex · wall_segment Stone Wall x12 |
| 34:03 | [Knusper] Antonio · tribute_sent a jugador 1 |
| 34:03 | [Knusper] Antonio · tribute_sent a jugador 2 |
| 34:03 | [Knusper] Antonio · tribute_sent a jugador 3 |
| 34:03 | [Knusper] Antonio · tribute_sent a jugador 5 |
| 34:03 | [Knusper] Antonio · tribute_sent a jugador 6 |
| 35:16 | [Knusper] Antonio · first_building Castle |
| 35:22 | [Knusper] sycane · first_building Castle |
| 35:40 | [Knusper] sycane · age_up imperial |
| 36:51 | [Knusper] Antonio · tribute_sent a jugador 1 |
| 36:51 | [Knusper] Antonio · tribute_sent a jugador 2 |
| 36:51 | [Knusper] Antonio · tribute_sent a jugador 3 |
| 36:51 | [Knusper] Antonio · tribute_sent a jugador 5 |
| 36:51 | [Knusper] Antonio · tribute_sent a jugador 6 |
| 36:59 | Snusmumriken. · age_up imperial |
| 37:06 | Darth vader · first_building Castle |
| 37:46 | [Knusper] Antonio · first_market_sell 100 stone |
| 37:52 | [Knusper] Alex · first_building Monastery |
| 38:45 | [Knusper] Antonio · wall_segment Stone Wall x2 |
| 38:47 | [Knusper] Antonio · wall_segment Stone Wall x2 |
| 38:51 | [Knusper] Antonio · wall_segment Stone Wall x6 |
| 38:57 | [Knusper] Antonio · wall_segment Stone Wall x6 |
| 40:24 | [Knusper] Antonio · first_market_buy 100 stone |
| 41:04 | [Knusper] Antonio · age_up imperial |
| 41:28 | [Knusper] Antonio · tribute_sent a jugador 1 |
| 41:28 | [Knusper] Antonio · tribute_sent a jugador 2 |
| 41:28 | [Knusper] Antonio · tribute_sent a jugador 3 |
| 41:28 | [Knusper] Antonio · tribute_sent a jugador 5 |
| 41:29 | [Knusper] Antonio · tribute_sent a jugador 6 |
| 45:27 | Darth vader · wall_segment Stone Wall x3 |
| 45:46 | [Knusper] Alex · first_building Archery Range |
| 46:47 | [Knusper] Alex · age_up imperial |
| 47:22 | Darth vader · first_building Siege Workshop |
| 50:23 | Darth vader · age_up imperial |
| 50:30 | [Knusper] sycane · first_building Archery Range |
| 52:23 | [Knusper] Antonio · tribute_sent a jugador 1 |
| 52:23 | [Knusper] Antonio · tribute_sent a jugador 2 |
| 52:23 | [Knusper] Antonio · tribute_sent a jugador 3 |
| 52:23 | [Knusper] Antonio · tribute_sent a jugador 5 |
| 52:23 | [Knusper] Antonio · tribute_sent a jugador 6 |
| 54:42 | [Knusper] Antonio · wall_segment Stone Wall x9 |
| 55:28 | Snusmumriken. · first_market_sell 500 wood |
| 57:39 | [Knusper] Antonio · first_building Stable |
| 63:21 | Snusmumriken. · resign |
[ AI ANALYSIS · 1 CREDIT ]
What really happened in this match?
Wolo.gg analyzes every decision: build order, eco, micro, common mistakes by bracket. Personalized analysis on WhatsApp or Discord in 30 seconds.
Civ guide
Franks
Perfil
Jugador #25062607